 Dungeon Crawl Stone Soup version 0.18-a0-1514-g6ed9364 (webtiles) character file.

356 Feta the Shield-Bearer (level 6, 0/48 HPs)
             Began as a Formicid Fighter on Mar 6, 2016.
             Slain by Natasha (2 damage)
             ... on level 4 of the Dungeon.
             The game lasted 00:22:27 (4807 turns).

Feta the Shield-Bearer (Formicid Fighter)           Turns: 4807, Time: 00:22:27

Health: 0/48       AC:  8    Str: 18 (20) XL:     6   Next: 96%
Magic:  6/6        EV:  2    Int:  6 (8)  God:
Gold:   77         SH:  0    Dex: -6 (12) Spells: 0 memorised, 5 levels left

rFire  . . .     SeeInvis +     s - +4 whip "Faisuts" {drain, rN+}
rCold  . . .     Gourm    .     r - +0 scale mail
rNeg   + . .     Faith    .     c - +1 shield
rPois  .         Spirit   .     (helmet unavailable)
rElec  .         Dismiss  .     u - +0 cloak
rCorr  .         Reflect  .     (no gloves)
SustAt .         Harm     .     (no boots)
MR     .....                    (no amulet)
Stlth  ..........               (no ring)
                                (no ring)

@: slowed, lost dexterity, very slow, not resistant to hostile enchantments,
extremely unstealthy
A: permanent stasis, dig shafts and tunnels, four strong arms, antennae 3
a: Dig, Shaft Self


You were on level 4 of the Dungeon.
You were very hungry.

You visited 1 branch of the dungeon, and saw 4 of its levels.

You collected 77 gold pieces.

Inventory:

Hand Weapons
 a - a +0 war axe
 b - a +1 hunting sling
 h - a +1 spear of venom
 s - the +4 whip "Faisuts" (weapon) {drain, rN+}
   (You found it on level 4 of the Dungeon)

   A truly terrible weapon, it drains the life of those it strikes.
   It protects you from negative energy.
Missiles
 g - 167 stones (quivered)
 m - 8 tomahawks
Armour
 c - a +1 shield (worn)
 r - a +0 scale mail (worn)
 u - a +0 cloak (worn)
Jewellery
 n - an uncursed ring of see invisible {unknown}
 p - an uncursed ring of protection from cold {unknown}
Scrolls
 e - a scroll of remove curse
 i - 2 scrolls of immolation
 t - 3 scrolls of identify
Potions
 d - a potion of might
 j - a potion of haste {unknown}
 l - a potion of brilliance
 o - 3 potions of curing
 q - a potion of flight {unknown}
Comestibles
 f - 3 bread rations
 k - 2 fruits


   Skills:
 + Level 4.1 Fighting
 + Level 2.9 Axes
 + Level 2.1 Slings
 + Level 4.9 Armour
 * Level 6.0 Shields


You had 5 spell levels left.
You didn't know any spells.

Dungeon Overview and Level Annotations

Branches:
Dungeon (4/15)
 Temple: D:4-7

Altars:
Lugonu

Portals:
Abyss: D:1

Annotations:
D:4 Natasha


Innate Abilities, Weirdness & Mutations

You are under a permanent stasis effect.
You can dig through walls and to a lower floor.
Your four strong arms can wield two-handed weapons with a shield.
You have a pair of large antennae on your head (SInv).


Message History

Natasha is heavily wounded.
Natasha claws you.
* * * LOW HITPOINT WARNING * * *
Natasha claws you but does no damage.
You barely miss Natasha.
Natasha is heavily wounded.
Natasha casts a spell.
Natasha stares at you and mumbles some strange words.
The magic dart hits you!
* * * LOW HITPOINT WARNING * * *
You hit Natasha but do no damage. You drain Natasha!
Natasha is severely wounded.
Natasha claws you.
* * * LOW HITPOINT WARNING * * *
You closely miss Natasha.
Natasha is severely wounded.
Natasha claws you.
* * * LOW HITPOINT WARNING * * *
Natasha claws you.
You die...

##.#......# #.#.# #..........
#.######.# ###.#.# #.###...###
#.# #.# #...#.# ##.####.## ##+##
#.# #.###.# ##.#.##### #...## #.#
#.# #.# #>###.# .....##
#.###.###.# ##.#.###### #
......###.........# ##.......###
.......####....########.#...#.##.
.......'.....#5h@..<...........'.
.......####....########.#...#.##.
......## ##.#.# #....##.###
.....## ###.# #.#.###.# # #...##
#.# #.#.###.# ##'## ### #.......#
#.# ###.##### #.# #.# #### ##.##
#####.####...


You could see Natasha and a crimson imp.

Vanquished Creatures
  3 quasits (D:1)
  3 iron imps (D:1)
  Natasha (D:4)
  4 gnolls
  2 adders
  3 ufetubi (D:1)
  An ooze (D:1)
  2 worms
  A dart slug (D:1)
  3 giant geckos
  5 giant cockroaches
  11 goblins
  10 hobgoblins
  2 quokkas
  A ball python (D:1)
  2 bats (D:2)
  4 giant newts
  10 kobolds
  5 rats
73 creatures vanquished.

Notes
Turn   | Place    | Note
--------------------------------------------------------------
     0 | D:1      | Feta the Formicid Fighter began the quest for the Orb.
     0 | D:1      | Reached XP level 1. HP: 18/18 MP: 1/1
   134 | D:1      | Reached XP level 2. HP: 22/24 MP: 2/2
   550 | D:1      | Found a corrupted altar of Lugonu.
   550 | D:1      | Found a one-way gate to the infinite horrors of the Abyss.
   550 | D:1      | Noticed a quasit
   552 | D:1      | Noticed a quasit
   554 | D:1      | Noticed a quasit
   556 | D:1      | Noticed a quasit
   556 | D:1      | Reached XP level 3. HP: 24/29 MP: 3/3
  1092 | D:2      | Reached skill level 4 in Shields
  1522 | D:3      | Reached XP level 4. HP: 37/37 MP: 4/4
  2126 | D:3      | Reached XP level 5. HP: 42/42 MP: 5/5
  2470 | D:1      | HP: 1/42 [iron imp (8)]
  2479 | D:1      | You fall through a shaft!
  2874 | D:1      | Reached skill level 1 in Slings
  2874 | D:1      | Reached skill level 5 in Shields
  2899 | D:1      | Reached XP level 6. HP: 26/48 MP: 6/6
  3362 | D:1      | Lost dexterity.
  3368 | D:1      | You fall through a shaft!
  3676 | D:1      | Reached skill level 6 in Shields
  3768 | D:1      | You fall through a shaft!
  4121 | D:4      | Got a crude whip
  4122 | D:4      | Identified the +4 whip "Faisuts" {drain, rN+} (You found it on level 4 of the Dungeon)
  4374 | D:4      | Noticed Natasha
  4386 | D:4      | Killed Natasha
  4793 | D:4      | Noticed Natasha
  4807 | D:4      | HP: 2/48 [Natasha (6)]
  4807 | D:4      | Slain by Natasha

Vault maps used:
D:1:      erik_arrival_cave_to_civilisation
D:4:      gammafunk_temple_overflow_wave, grunt_ministairs_12, uniq_natasha

Skill      XL: |  1  2  3  4  5  6 |
---------------+-------------------+-----
Shields        | 4 5 6 |  6.0
Armour         | 4 |  4.9
Slings         | 1 2 |  2.1
Fighting       | 4 |  4.1
Axes           | |  2.9

Action                   |  1- 3 |  4- 6 || total
-------------------------+-------+-------++-------
Melee: War axe           |    44 |   180 ||   224
       Whip              |    77 |    35 ||   112
       Spear             |       |     6 ||     6
 Fire: Hunting sling     |     3 |    65 ||    68
Throw: Stone             |    12 |     1 ||    13
 Abil: Dig               |       |     2 ||     2
       Shaft Self        |       |     3 ||     3
  Use: Scroll            |     7 |       ||     7
       Potion            |       |     3 ||     3
  Eat: Chunk             |     2 |     8 ||    10
       Fruit             |       |     2 ||     2
       Pizza             |       |     1 ||     1
       Beef jerky        |       |     1 ||     1
